Description

TvT inno current meta

Replay - ╖╬╜║╞« ╛╪ ╞─┐ε╡σ - ╖í┤⌡ (40)

Build Order

Get SALT Encoding   

  12  0:00  SCV  
  13  0:12  SCV  
  14  0:17  Supply Depot  
  14  0:24  SCV  
  14  0:28  Refinery  
  15  0:38  SCV  
  16  0:44  Barracks  
  16  0:50  SCV  
  16  0:55  Refinery  
  17  1:03  SCV  
  18  1:15  SCV  
  19  1:31  Factory  
  19  1:32  Orbital Command  
  19  1:34  Reaper  
  20  1:43  Supply Depot  
  20  1:57  SCV  
  21  2:06  Reaper  
  22  2:09  SCV  
  22  2:15  Cyclone  
  26  2:21  SCV  
  27  2:30  Command Center  
  28  2:39  Barracks Reactor  
  28  2:45  Starport  
  29  2:52  Supply Depot  
  29  2:58  Factory Tech Lab  
  31  3:16  Marine x2  
  34  3:27  Raven  
  34  3:34  Marine x2  
  39  3:45  Cyclone  
  39  3:47  Orbital Command  
  43  3:51  Marine x2  
  43  3:54  Supply Depot  
  46  4:16  Barracks  
  47  4:18  Stimpack  
  47  4:23  Barracks  
  49  4:26  Engineering Bay  
  49  4:27  Starport Reactor, Factory Tech Lab  
  49  4:28  Marine  
  50  4:35  Refinery  
  52  4:41  Supply Depot  
  52  4:45  Siege Tank, Marine  
  58  4:58  Terran Infantry Weapons Level 1  
  58  5:03  Marine x2  
  63  5:10  Starport Reactor  
  67  5:22  Siege Tank  
  72  5:35  Refinery  
  79  5:46  Medivac x2  
  85  6:01  Siege Tank  
  95  6:19  Combat Shields  
  98  6:29  Medivac x2  
  102  6:40  Siege Tank  
  110  6:53  Terran Infantry Armor Level 1  
  110  6:56  Command Center  
  115  7:12  Siege Tank  
  120  7:22  Medivac x2  
  120  7:26  Barracks x2  
  91  7:44  Siege Tank  
  96  7:56  Viking x2  
  100  8:03  Sensor Tower  
  102  8:06  Armory  
  102  8:10  Orbital Command  
  102  8:18  Engineering Bay  
  104  8:20  Siege Tank  
  104  8:22  Barracks Reactor x2  
  107  8:27  Refinery x2  
  109  8:36  Viking x2  
  123  8:58  Terran Infantry Weapons Level 2  
  127  9:09  Terran Infantry Armor Level 2  
  132  9:14  Viking x2  
  135  9:22  Command Center  
  131  9:24  Siege Tank  
  140  9:41  Missile Turret  
  140  9:44  Viking x2  
  140  9:53  Terran Vehicle Weapons Level 1  
  140  9:55  Factory  
  140  9:59  Barracks Reactor  
Spawning Tool Build Advisor. Get it on Overwolf

Analysis

Inno current meta TvT

Go to:

Details

  • Created by: foxersc   
  • Published on: Aug 07, 2018
  • Modified on: Aug 07, 2018
  • Patch: 4.0.0
Show
View Real Time Build Order
Export as new Build Order

Comments (2)

On Sept. 21, 2018, 7:14 p.m., foxersc  said:

@joro550 after those last 2 marines before stimpack you swap with factory and put rax on techlab from that
gl to you

On Sept. 21, 2018, 3:11 p.m., joro550  said:

Where does the 4:18 Stimpack come from? at this point were building our second racks and our first racks has a reactor on it, nothing in this build order suggests we move it off for anything else.

Create an account to comment!